 Dungeon Crawl Stone Soup version 0.19.0-9-gfd783f2 (webtiles) character file.

20028 dysrexia the Black Belt (level 12, -1/97 HPs)
             Began as a Vampire Monk on Nov 8, 2016.
             Was the Champion of Ru.
             Incinerated by a mottled dragon (9 damage)
             ... with a sticky flame
             ... on level 4 of the Lair of Beasts.
             The game lasted 00:54:00 (15326 turns).

dysrexia the Black Belt (Vampire Monk)             Turns: 15326, Time: 00:54:01

Health: -1/97      AC: 22    Str: 13    XL:     12   Next: 41%
Magic:  13/21      EV:  7    Int: 14    God:    Ru [******]
Gold:   940        SH:  0    Dex: 17    Spells: 3 memorised, 2 levels left

rFire  x . .     SeeInvis +       - Unarmed
rCold  x . .     Gourm    .     W - +4 plate armour {rPois}
rNeg   . . .     Faith    .     (no shield)
rPois  +         Spirit   .     J - +0 helmet
rElec  .         Reflect  .     p - +1 cloak
rCorr  .         Harm     .     y - +0 pair of gloves
MR     +....                    a - +0 pair of boots
Stlth  ..........               (no amulet)
                                z - ring of magical power
                                i - ring of wizardry

@: exhausted, liquid flames, no potions, no scrolls, regenerating quickly,
glowing, drained
A: fangs 3, see invisible, unbreathing, inability to drink while threatened,
inability to read while threatened, no stealth, missing an eye, temperature
sensitive
a: Draw Out Power, Power Leap, Apocalypse, Renounce Religion


You were on level 4 of the Lair of Beasts.
You worshipped Ru.
Ru was exalted by your worship.
You were very full.

You visited 2 branches of the dungeon, and saw 15 of its levels.
You also visited: Labyrinth.

You collected 1100 gold pieces.
You spent 160 gold pieces at shops.

Inventory:

Hand Weapons
 D - a +0 blowgun
Missiles
 f - 73 poisoned needles
Armour
 a - a +0 pair of boots (worn)
 l - a +0 shield
 p - a +1 cloak (worn)
 y - a +0 pair of gloves (worn)
 J - a +0 helmet (worn)
 W - a +4 plate armour of poison resistance (worn)
 X - a +3 ring mail of positive energy
Jewellery
 i - a ring of wizardry (left hand)
 k - an uncursed ring of fire
 z - a ring of magical power (right hand)
 E - an uncursed ring of ice
Wands
 d - a wand of polymorph (16/24)
 r - a wand of digging (24/24)
 s - a wand of flame (26/48)
 v - a wand of iceblast (5/15)
 w - a wand of slowing (19/48)
 C - a wand of disintegration (15/24)
 K - a wand of paralysis (4/24)
 M - a wand of confusion (28/48)
 P - a wand of acid (6/15)
 Q - a wand of digging (5/24)
 T - a wand of heal wounds (3/9)
Scrolls
 e - 2 scrolls of fog
 h - 2 scrolls of enchant weapon
 q - 3 scrolls of remove curse
 t - 3 scrolls of recharging
 u - 5 scrolls of amnesia
 A - 2 scrolls of fear
 B - a scroll of blinking
 I - a scroll of enchant armour
 N - 4 scrolls of teleportation
 S - a scroll of magic mapping
 U - 2 scrolls of identify
Potions
 b - 18 potions of blood
 c - 3 potions of haste
 g - a potion of mutation
 j - 2 potions of flight
 m - 5 potions of brilliance
 n - 5 potions of curing
 o - 2 potions of invisibility
 x - 2 potions of magic
 F - 2 potions of berserk rage
 G - 2 potions of might
 H - 2 potions of agility
 L - a potion of degeneration {unknown}
 O - 2 potions of heal wounds
Books
 R - a book of Changes

   Spells                             Type                      Level
   a - Beastly Appendage              Transmutation                1
   b - Sticks to Snakes               Transmutation                2
   c - Spider Form                    Transmutation/Poison         3
   d - Ice Form                       Ice/Transmutation            4
   e - Blade Hands                    Transmutation                5
Miscellaneous
 Y - a phantom mirror


   Skills:
 - Level 10.3(8.9) Fighting
 + Level 6.7(5.5) Armour
 + Level 10.3(8.9) Dodging
 + Level 4.8(3.6) Shields
 * Level 15.0(13.5) Unarmed Combat
 + Level 1.3(0.2) Charms


You had 2 spell levels left.
You knew the following spells:

 Your Spells              Type           Power        Failure   Level  Hunger
a - Shroud of Golubria    Chrm/Tloc      #.........   100%        2    ###....
b - Song of Slaying       Chrm           #.......     100%        2    ###....
c - Blade Hands           Tmut           #.........   100%        5    ######.


Dungeon Overview and Level Annotations

Branches:
Dungeon (11/15)            Temple (0/1) D:5            Lair (4/6) D:11
  Swamp (0/4) Lair:3       Spider (0/4) Lair:2          Orc (0/2) D:10

Altars:
Cheibriados
Gozag
Hepliaklqana
Makhleb
Nemelex Xobeh
Qazlal
Ru
Sif Muna
Trog
Vehumet
Xom
The Shining One

Shops:
D:4 (   D:5 [?*(   D:7 (

Portals:
Trove: D:10 (give wand of heal wounds (9))

Annotations:
D:5 exclusion: ice beast
Lair:2 exclusion: oklob plant


Innate Abilities, Weirdness & Mutations

Your natural rate of healing is unusually fast.
You have razor-sharp teeth.
You have supernaturally acute eyesight. (SInv)
You can survive without breathing.
You cannot drink potions while threatened.
You cannot read scrolls while threatened.
You cannot be stealthy.
You are missing an eye, making it more difficult to aim.
You are sensitive to extremes of temperature. (rF-, rC-)


Message History

You are engulfed in a cloud of scalding steam.
* * * LOW HITPOINT WARNING * * *
You are covered in liquid flames!
* * * LOW HITPOINT WARNING * * *
The plant is engulfed in a cloud of scalding steam.
You reveal the great annihilating truth to your foes!
You destroy the plant!
You kill the mottled dragon!
You hear a splash.
The mottled dragon scales are intact enough to wear.
You kill the electric eel!
You kill the steam dragon!
You destroy the plant! x2
The rime drake is paralysed by terrible understanding!
You destroy the plant!
You feel drained.
You are engulfed in a cloud of scalding steam.
You are covered in liquid flames!
* * * LOW HITPOINT WARNING * * *
The ice encasing you melts away.
You hear a croak.
You hear a roar!
You are covered in liquid flames!
You die...

..# #.......... ...####
#...P...##.
♣.#...###...#.####. .≈♣♣
♣♣.......#.....#$#.. ♣≈≈≈
♣..§#...##.......### ♣♣≈≈≈
♣..§.§..##.##....# ♣.≈≈k
♣♣...§§.....#P....###
♣.≈≈♣♣..§.......##.....#.#
♣≈≈♣♣§.@.........####..#
♣♣♣.♣♣≈≈†≈##..........##.P..
...P...≈≈k###...............
#....####≈.#####............
.... #### ###............ #.
#.#............
##............P.
###.....(.........
#.............P...


There were no monsters in sight!

Vanquished Creatures
  A minotaur (Lab)
  2 hill giants
  2 ugly things
  Maurice (D:8)
  A centaur zombie (D:11)
  5 elephants (Lair:3)
  A black mamba (Lair:4)
  Psyche (D:8)
  4 spiny frogs
  A rime drake (Lair:4)
  A centaur skeleton (D:11)
  A komodo dragon (Lair:2)
  3 tyrant leeches (Lair:3)
  A two-headed ogre (D:10)
  3 hippogriffs
  2 redbacks (Lab)
  A spriggan (D:7)
  7 yaks
  2 basilisks
  A steam dragon (Lair:4)
  A swamp worm (Lair:3)
  A mottled dragon (Lair:4)
  7 water moccasins
  4 porcupines (Lair:3)
  3 black bears
  4 orc warriors
  A sky beast (D:11)
  2 ice beasts
  An eye of draining (shapeshifter) (D:11)
  A phantom (D:9)
  3 wolves (Lair:1)
  A centaur (D:6)
  6 crocodiles
  3 big kobolds
  11 bullfrogs
  2 scorpions
  7 killer bees
  3 wights (D:5)
  2 electric eels
  3 howler monkeys (D:10)
  5 crimson imps
  A bullfrog zombie (D:5)
  6 orc priests
  3 jellies
  3 hounds
  9 orc wizards
  Ijyb (D:3)
  2 bullfrog skeletons
  5 iguanas
  7 worker ants
  2 hound skeletons (D:10)
  3 gnolls
  13 adders
  A shadow imp (D:11)
  An adder zombie (D:8)
  An adder skeleton (D:4)
  3 worms
  A dart slug (D:1)
  6 leopard geckos
  45 orcs
  A ball python (D:4)
  4 giant cockroaches
  2 goblins (D:1)
  8 hobgoblins
  7 jackals
  5 quokkas
  8 bats
  3 frilled lizards
  20 kobolds
  A leopard gecko skeleton (D:4)
  A leopard gecko zombie (D:8)
  5 rats
  4 plants (Lair:4)
294 creatures vanquished.

Vanquished Creatures (others)
  A rime drake (Lair:3)
  A hippogriff (Lair:1)
  A yak (Lair:3)
  A swamp worm (Lair:3)
  A crocodile (Lair:3)
  A bullfrog (D:8)
  A scorpion (D:4)
  2 orcs
  5 fungi
  A plant (Lair:3)
15 creatures vanquished.

Grand Total: 309 creatures vanquished

Notes
Turn   | Place    | Note
-------+----------+-------------------------------------------
     0 | D:1      | dysrexia the Vampire Monk began the quest for the Orb.
     0 | D:1      | Reached XP level 1. HP: 17/17 MP: 1/1
   373 | D:1      | Reached skill level 4 in Unarmed Combat
   373 | D:1      | Reached XP level 2. HP: 21/23 MP: 2/2
  1001 | D:2      | Reached XP level 3. HP: 12/28 MP: 3/3
  1268 | D:2      | Reached skill level 5 in Unarmed Combat
  1501 | D:2      | Found a shimmering altar of Xom.
  1502 | D:2      | Found a bloodstained altar of Trog.
  1502 | D:2      | Found a glowing golden altar of the Shining One.
  1502 | D:2      | Found a sparkling altar of Nemelex Xobeh.
  1503 | D:2      | Found a snail-covered altar of Cheibriados.
  1504 | D:2      | Found a sacrificial altar of Ru.
  1506 | D:2      | Found a deep blue altar of Sif Muna.
  1532 | D:2      | Became a worshipper of Ru the Awakened
  1548 | D:2      | Gained mutation: You cannot read scrolls while threatened. [Ru sacrifice]
  1548 | D:2      | Reached * piety under Ru
  2663 | D:2      | Reached XP level 4. HP: 32/34 MP: 4/4
  2741 | D:3      | Noticed Ijyb
  2772 | D:3      | Killed Ijyb
  2801 | D:3      | Reached skill level 6 in Unarmed Combat
  2928 | D:3      | Reached XP level 5. HP: 39/39 MP: 5/5
  3194 | D:3      | Found a deep blue altar of Sif Muna.
  3467 | D:4      | Found a stormy altar of Qazlal.
  3652 | D:4      | Reached skill level 7 in Unarmed Combat
  3665 | D:4      | Found Rupueg's Antique Weapon Emporium.
  3675 | D:4      | Found a hazy altar of Hepliaklqana.
  3694 | D:4      | Gained mutation: You are sensitive to extremes of temperature. (rF-, rC-) [Ru sacrifice]
  3694 | D:4      | Reached ** piety under Ru
  3694 | D:4      | Reached *** piety under Ru
  3694 | D:4      | Reached **** piety under Ru
  3840 | D:4      | Reached XP level 6. HP: 40/46 MP: 6/6
  4378 | D:5      | Entered Level 5 of the Dungeon
  4476 | D:5      | Found Fijanus's Magic Scroll Emporium.
  4486 | D:5      | Found a radiant altar of Vehumet.
  4531 | D:5      | Reached skill level 8 in Unarmed Combat
  4712 | D:5      | Noticed an ice beast
  4741 | D:5      | Found Ecriut's Assorted Antiques.
  4745 | D:5      | Bought a scroll labeled TAEMPE ADOCS for 28 gold pieces
  4794 | D:5      | Bought a scroll of fear for 42 gold pieces
  4794 | D:5      | Bought a scroll of blinking for 90 gold pieces
  4819 | D:5      | Found Xynen's Weapon Shoppe.
  4826 | D:5      | Found a staircase to the Ecumenical Temple.
  4835 | D:5      | Reached XP level 7. HP: 42/51 MP: 7/7
  5011 | D:5      | Reached skill level 9 in Unarmed Combat
  5208 | D:5      | Found Dahovv Ovom's Armour Shoppe.
  5575 | D:6      | Reached skill level 10 in Unarmed Combat
  5879 | D:6      | Reached XP level 8. HP: 50/57 MP: 8/8
  6023 | D:6      | Gained mutation: You are missing an eye, making it more difficult to aim. [Ru sacrifice]
  6023 | D:6      | Reached ***** piety under Ru
  6051 | D:6      | Reached skill level 5 in Armour
  6051 | D:6      | Reached XP level 9. HP: 75/75 MP: 9/9
  6052 | D:6      | Reached skill level 10 in Fighting
  6052 | D:6      | Reached skill level 12 in Unarmed Combat
  6052 | D:6      | Reached XP level 10. HP: 85/85 MP: 10/10
  6293 | D:7      | Found Hegill's Weapon Shop.
  7154 | D:8      | Noticed Maurice
  7154 | D:8      | Noticed Psyche
  7299 | D:8      | Found an opulent altar of Gozag.
  7426 | D:8      | Paralysed by Maurice for 5 turns
  7438 | D:8      | Killed Psyche
  7452 | D:8      | Killed Maurice
  7452 | D:8      | Reached skill level 1 in Shields
  7593 | D:8      | Reached skill level 13 in Unarmed Combat
  7766 | D:9      | Gained mutation: You cannot drink potions while threatened. [Ru sacrifice]
  8611 | D:9      | Found a sacrificial altar of Ru.
  8982 | D:10     | Entered Level 10 of the Dungeon
  9060 | D:10     | Found a staircase to the Orcish Mines.
  9398 | D:10     | Noticed a purple ugly thing
  9601 | D:10     | Noticed a hill giant
  9632 | D:10     | Killed a hill giant
  9632 | D:10     | Reached XP level 11. HP: 51/91 MP: 11/11
 10040 | D:10     | Found a portal to a secret trove of treasure.
 10062 | D:10     | Gained mutation: You cannot be stealthy. [Ru sacrifice]
 10062 | D:10     | Reached ****** piety under Ru
 10089 | D:10     | Found a burning altar of Makhleb.
 10089 | D:10     | Noticed a green death
 10141 | D:10     | Killed a purple ugly thing
 10218 | D:11     | Noticed a hill giant
 10225 | D:11     | Killed a hill giant
 10462 | D:11     | Found a staircase to the Lair.
 10565 | D:11     | Noticed a purple ugly thing
 10593 | D:11     | Killed a purple ugly thing
 10801 | Lair:1   | Entered Level 1 of the Lair of Beasts
 11138 | Lair:1   | Found a labyrinth entrance.
 11147 | Lab      | Entered a labyrinth
 11535 | Lab      | Noticed a minotaur
 11551 | Lab      | Killed a minotaur
 11551 | Lab      | Reached skill level 14 in Unarmed Combat
 11556 | Lab      | Identified Cahin's Arcane Arts, Part Two
 11768 | Lair:1   | Learned a level 2 spell: Shroud of Golubria
 11771 | Lair:1   | Learned a level 2 spell: Song of Slaying
 12720 | Lair:2   | Noticed an oklob plant
 13441 | Lair:2   | Found a hole to the Spider Nest.
 13805 | Lair:3   | Reached XP level 12. HP: 68/97 MP: 12/12
 14060 | Lair:3   | Reached skill level 10 in Dodging
 14332 | Lair:3   | Learned a level 5 spell: Blade Hands
 14580 | Lair:3   | Found a staircase to the Swamp.
 15184 | Lair:4   | Reached skill level 1 in Charms
 15263 | Lair:4   | Reached skill level 15 in Unarmed Combat
 15326 | Lair:4   | Incinerated by a mottled dragon

Skill      XL: |  1  2  3  4  5  6  7  8  9 10 11 12 |
---------------+-------------------------------------+-----
Unarmed Combat | 4 5 6 7 8 10 12 13 14 15 | 15.0
Fighting       | 8 10 | 10.3
Armour         | 5 6 |  6.7
Dodging        | 7 8 9 10 | 10.3
Shields        | 2 4 |  4.8
Stealth        | 0 |  0.0
Charms         | 1 |  1.3

Action                   |  1- 3 |  4- 6 |  7- 9 | 10-12 || total
-------------------------+-------+-------+-------+-------++-------
Melee: Unarmed           |   145 |   195 |   100 |  1087 ||  1527
       Bite              |    11 |    21 |    14 |   132 ||   178
       Punch             |     1 |     6 |     2 |    46 ||    55
 Fire: Blowgun           |       |       |    14 |     8 ||    22
Invok: Sacrifice Words   |     1 |       |       |       ||     1
       Sacrifice Resista |       |     1 |       |       ||     1
       Sacrifice an Eye  |       |       |     1 |       ||     1
       Draw Out Power    |       |       |       |     2 ||     2
       Apocalypse        |       |       |       |     2 ||     2
       Sacrifice Drink   |       |       |       |     1 ||     1
       Sacrifice Stealth |       |       |       |     1 ||     1
  Use: Potion            |     5 |     9 |     6 |    50 ||    70
       Scroll            |       |    11 |     5 |     7 ||    23
 Stab: Sleeping          |     8 |     1 |       |       ||     9
       Distracted        |     1 |       |       |     7 ||     8
       Invisible         |       |     3 |       |    13 ||    16
       Paralysed         |       |       |       |    19 ||    19
Armor: Robe              |     7 |       |       |       ||     7
       Leather armour    |    26 |       |       |       ||    26
       Scale mail        |       |    59 |    25 |   166 ||   250
       Plate armour      |       |       |       |   203 ||   203
Dodge: Dodged            |    97 |    66 |    44 |   419 ||   626
